 Dungeon Crawl Stone Soup version 0.32-a0-306-gfed3edf829 (webtiles) character file.

Game seed: 17486927246419559963

315 HC7 the Ruffian (level 6, -2/54 HPs)
             Began as a Troll Hedge Wizard on Feb 14, 2024.
             Incinerated by a bombardier beetle (4 damage)
             ... with a burning spray
             ... on level 4 of the Dungeon on Feb 15, 2024.
             The game lasted 00:14:38 (2288 turns).

HC7 the Ruffian (Troll Hedge Wizard)                Turns: 2288, Time: 00:14:38

Health: -2/54      AC: 12    Str: 19    XL:     6   Next: 20%
Magic:  6/8        EV: 30    Int: 10    God:
Gold:   214        SH:  0    Dex: 11    Spells: 7/10 levels left

rFire   . . .        l - +0 dagger (protect)
rCold   . . .        (no shield)
rNeg    . . .        b - +0 robe
rPois   .            c - +1 hat
rElec   .            (no cloak)
rCorr   .            (gloves unavailable)
SInv    .            (boots unavailable)
Will    .....        h - amulet of the acrobat
Stlth   +            f - +5 ring of evasion
HPRegen 1.09/turn    (no ring)
MPRegen 0.11/turn

%: acrobat
@: on fire, under a protective aura, acrobatic, on blink cooldown, glowing
A: large, unfitting armour, claws 3, regeneration 1, shaggy fur 1, tough skin 1
a: no special abilities


You were on level 4 of the Dungeon.
You visited 1 branch of the dungeon, and saw 4 of its levels.

You collected 214 gold pieces.

Inventory:

Hand Weapons
 a - a +0 dagger
 l - a +0 dagger of protection (weapon)
Missiles
 j - a throwing net (quivered)
 m - 6 poisoned darts
 n - 3 datura-tipped darts
Armour
 b - a +0 robe (worn)
 c - a +1 hat (worn)
Jewellery
 f - a +5 ring of evasion (left claw)
 h - an amulet of the acrobat (around neck)
Talismans
 k - a beast talisman
 o - a blade talisman
Potions
 d - a potion of magic
 e - 2 potions of haste
 g - 3 potions of heal wounds {unknown}
 i - a potion of attraction {unknown}
 p - a potion of might {unknown}


   Skills:
 + Level 0.5 Fighting
 + Level 0.9 Short Blades
 + Level 2.6 Dodging
 * Level 1.5 Stealth
 + Level 3.3 Unarmed Combat
 + Level 2.6 Spellcasting
 + Level 0.6 Conjurations
 + Level 0.6 Summonings
 + Level 0.6 Translocations
 * Level 1.2 Shapeshifting


You had 7 spell levels left.
You knew the following spells:

 Your Spells              Type           Power      Damage    Failure   Level
a - Magic Dart            Conj           8%         1d3       22%         1
b - Blink                 Tloc           4%         N/A       34%         2

Your spell library contained the following spells:

 Spells                   Type           Power      Damage    Failure   Level
 Slow                     Hex            4%         N/A       30%         1
 Call Imp                 Summ           4%         N/A       34%         2
 Cigotuvi's Dreadful Rot  Necr/Alch/Air  2%         N/A       41%         2
 Mephitic Cloud           Conj/Alch/Air  1%         N/A       63%         3


Dungeon Overview and Level Annotations

Branches:
Dungeon (4/15)
 Temple: D:4-7

Altars:
Makhleb

Annotations:
D:4 Ijyb, Menkaure


Innate Abilities, Weirdness & Mutations

You are too large for most types of armour.
You have claws for hands.
Your natural rate of healing is unusually fast.
You are covered in fur. (AC +1)
You have tough skin. (AC +1)


Message History

The liquid fire burns you!
The bombardier beetle bites you but does no damage.
You hit the bombardier beetle but do no damage.
The bombardier beetle is almost dead.
The liquid fire burns you!
The bombardier beetle closely misses you.
You hit the bombardier beetle.
The bombardier beetle is almost dead.
The liquid fire burns you!
You hit the bombardier beetle but do no damage.
The bombardier beetle is almost dead.
The liquid fire burns you!
The bombardier beetle bites you but does no damage.
You hit the bombardier beetle but do no damage.
The bombardier beetle is almost dead.
The liquid fire burns you!
You hit the bombardier beetle but do no damage.
The bombardier beetle is almost dead.
The liquid fire burns you!
* * * LOW HITPOINT WARNING * * *
The bombardier beetle barely misses you.
You barely miss the bombardier beetle.
The bombardier beetle is almost dead.
The liquid fire burns you!
* * * LOW HITPOINT WARNING * * *
The bombardier beetle barely misses you.
You hit the bombardier beetle but do no damage.
The bombardier beetle is almost dead.
The liquid fire burns you!
* * * LOW HITPOINT WARNING * * *
You aren't carrying any scrolls.
Cast which spell? (? or * to list)
You blink.
The liquid fire burns you!
* * * LOW HITPOINT WARNING * * *
You shake off some of the fire as you move.
The liquid fire burns you!
* * * LOW HITPOINT WARNING * * *
The liquid fire burns you!
You die...

########## #.........
+...$..... #.........
########.@.......
#.hB.............
#.#####..........
#.)B###....######
##########.[........#
........<#..........#
.....#####......(....#
.....#...............#
.....#.####..........#


You could see a bombardier beetle and a hound.

Vanquished Creatures
  A sleepcap (D:4)
  Natasha (thrice) (D:2)
  An orc wizard (D:3)
  5 adders
  A ribbon worm (D:2)
  2 dart slugs
  9 orcs
  7 endoplasms
  5 giant cockroaches
  5 goblins
  7 hobgoblins
  3 jackals (D:1)
  12 kobolds
  A quokka (D:2)
  7 ball pythons
  2 bats
  4 frilled lizards
  2 rats
77 creatures vanquished.

Notes
Turn   | Place    | Note
-------+----------+-------------------------------------------
     0 | D:1      | HC7 the Troll Hedge Wizard began the quest for the Orb.
     0 | D:1      | Reached XP level 1. HP: 16/16 MP: 2/2
    67 | D:1      | Reached XP level 2. HP: 24/24 MP: 4/4
   215 | D:1      | Reached XP level 3. HP: 30/31 MP: 5/5
   349 | D:1      | Reached skill level 1 in Unarmed Combat
   452 | D:2      | Found a burning altar of Makhleb.
   522 | D:2      | Reached XP level 4. HP: 39/39 MP: 6/6
   692 | D:2      | Noticed Natasha
   696 | D:2      | Killed Natasha
   697 | D:2      | Reached skill level 2 in Unarmed Combat
   710 | D:2      | Learned a level 2 spell: Blink
   777 | D:2      | Noticed Natasha
   791 | D:2      | Killed Natasha
   792 | D:2      | Reached XP level 5. HP: 39/46 MP: 7/7
  1012 | D:2      | Noticed Natasha
  1020 | D:2      | Killed Natasha
  1021 | D:2      | Reached skill level 3 in Unarmed Combat
  1343 | D:3      | Reached skill level 1 in Shapeshifting
  1894 | D:4      | Noticed Menkaure
  2020 | D:4      | Noticed Ijyb
  2031 | D:4      | Noticed a centaur
  2095 | D:3      | Reached XP level 6. HP: 51/54 MP: 8/8
  2287 | D:4      | HP: 1/54 [burnt (5)]
  2288 | D:4      | Incinerated by a bombardier beetle

Illustrated notes

Levels and vault maps discovered:
D:1:      scummos_arrival_checkerplants, layout_rooms
D:2:      layout_rooms, basic_altar, uniq_natasha
D:3:      layout_loops_ring, minmay_fountain_box, feat_on_display
D:4:      layout_basic, kennysheep_mini_moat, minmay_manual_moon, uniq_menkaure,
          uniq_ijyb

Skill      XL: |  1  2  3  4  5 |
---------------+----------------+-----
Unarmed Combat | 1 2 3 |  3.3
Dodging        | 2 |  2.6
Shapeshifting  | 1 |  1.2
Fighting       | |  0.5
Short Blades   | |  0.9
Stealth        | |  1.5
Spellcasting   | |  2.6
Conjurations   | |  0.6
Summonings     | |  0.6
Translocations | |  0.6

Action                     |  1- 3 |  4- 6 || total
---------------------------+-------+-------++-------
  Melee: Unarmed           |    86 |    58 ||   144
         Punch             |     1 |     1 ||     2
         Dagger            |       |   276 ||   276
   Cast: Blink             |       |     2 ||     2
    Use: Scroll            |     1 |     3 ||     4
   Stab: Sleeping          |       |     1 ||     1
 Armour: Robe              |    41 |   171 ||   212
  Dodge: Dodged            |    53 |   272 ||   325

Table legend: (Time is in decaauts)
 A = Elapsed time spent in this place.
 B = Non-inter-level travel time spent in this place.
 C = Inter-level travel time spent in this place.
 D = Time resting spent in this place.
 E = Time spent auto-exploring this place.
 F = Levels seen in this place.
 G = Mean time per level.
                   A        B        C        D        E       F      G
               +--------+--------+--------+--------+--------+-----+--------+
         Total |   2284 |   2142 |    142 |      0 |    864 |   4 |  571.0 |
       Dungeon |   2284 |   2142 |    142 |      0 |    864 |   4 |  571.0 |
               +--------+--------+--------+--------+--------+-----+--------+

Top non-repeatable levels by time:
     D:3: 885 daAuts
     D:2: 618 daAuts
     D:1: 450 daAuts
     D:4: 329 daAuts
